 Dungeon Sprint DCSS version 0.31-a0-1-g4198be8af4 (webtiles) character file.

Game seed: 3453656164033534691

10200000 123456 the Intangible (level 27, -12/249 HPs)
             Began as a Demonspawn Gladiator on May 1, 2023.
             Was the Champion of Makhleb.
             Killed from afar by an observer (70 damage)
             ... with a fireball
             ... in the Dungeon (Sprint VIII: "Arena of Blood").
             The game lasted 00:02:52 (102 turns).

123456 the Intangible (Demonspawn Gladiator)         Turns: 102, Time: 00:02:53

Health: -12/249    AC:  8    Str: 17    XL:     27
Magic:  0/54       EV: 37    Int: 11    God:    Makhleb [******]
Gold:   0          SH:  0    Dex: 25    Spells: 80/80 levels left

rFire   . . .        k - +∞ Axe of Woe
rCold   . . .        (shield currently unavailable)
rNeg    . . .        a - +0 leather armour
rPois   .            b - +0 helmet
rElec   .            (cloak unavailable)
rCorr   .            (gloves unavailable)
SInv    .            (boots unavailable)
Will    +++..        (no amulet)
Stlth   ++++++++++   (no ring)
HPRegen 0.61/turn    (no ring)
MPRegen 0.68/turn

%: no teleportation, guardian spirit
@: no status effects
A: claws 3, hooves 3, demonic guardian 3, hurl damnation, torment resistance 1,
magic shield, magic regeneration, magic link, demonic willpower, weakness
stinger 3
a: Hurl Damnation, Renounce Religion, Minor Destruction, Lesser Servant of
Makhleb, Major Destruction, Greater Servant of Makhleb


You were in the Dungeon.
You worshipped Makhleb.
Makhleb was exalted by your worship.
You visited 1 branch

Inventory:

Hand Weapons
 k - the +∞ Axe of Woe (weapon)
   (You found it in the Dungeon)
Missiles
 c - 3 throwing nets (quivered)
 d - a javelin
Armour
 a - a +0 leather armour (worn)
 b - a +0 helmet (worn)
Scrolls
 j - a scroll of blinking
Potions
 e - a potion of curing
 f - a potion of heal wounds
 g - a potion of haste
 h - 2 potions of magic
 i - a potion of berserk rage


   Skills:
 O Level 27 Fighting
 O Level 27 Short Blades
 O Level 27 Long Blades
 O Level 27 Axes
 O Level 27 Maces & Flails
 O Level 27 Polearms
 O Level 27 Staves
 O Level 27 Ranged Weapons
 O Level 27 Throwing
 O Level 27 Armour
 O Level 27 Dodging
 O Level 27 Stealth
 O Level 27 Shields
 O Level 27 Unarmed Combat
 O Level 27 Spellcasting
 O Level 27 Conjurations
 O Level 27 Hexes
 O Level 27 Summonings
 O Level 27 Necromancy
 O Level 27 Translocations
 O Level 27 Transmutations
 O Level 27 Fire Magic
 O Level 27 Ice Magic
 O Level 27 Air Magic
 O Level 27 Earth Magic
 O Level 27 Poison Magic
 O Level 27 Invocations
 O Level 27 Evocations


You had 80 spell levels left.
You didn't know any spells.
Your spell library was empty.

Dungeon Overview and Level Annotations

Branches:
Dungeon (1/1)

Altars:
Makhleb


Innate Abilities, Weirdness & Mutations

You have claws for hands.
You have hooves in place of feet.
A powerful demonic guardian rushes to your aid.
You can hurl damnation.
You are resistant to unholy torment.
When hurt, damage is shared between your health and your magic reserves.
You regenerate magic rapidly.
When low on magic, you restore magic in place of health.
You punish those that try to bend your will. (Will+)
You have a sharp stinger which inflicts weakening toxins.


Message History

You hear a shout!
Items here: ))))))) =======.
Unknown command.
You slice the bag of meat!!
You hew the bag of meat savagely.
You blow up the bag of meat!
Makhleb accepts your kill.
You slice the bag of meat!!
You butcher the bag of meat messily.
You blow up the bag of meat!
Makhleb accepts your kill.
You feel better.
The large bag of meat is engulfed in blazing flames.
The large bag of meat explodes!
You hear a shout! x3
The eight-headed meat hydra calls on the powers of darkness!
The eight-headed meat hydra convulses!
Something is bathed in an unholy light!
The bag of meat convulses!
Something is bathed in an unholy light!
Your body is wracked with pain!
* * * LOW HITPOINT WARNING * * *
Something is bathed in an unholy light!
The bag of meat convulses! x4
You hear a shout!
The accursed points at you and mumbles some strange words.
Something smites you!
* * * LOW HITPOINT WARNING * * *
A demonic guardian appears!
You hear a shout! x3
A bag of meat comes into view. It is wielding a +9 war axe.
Unknown command.
Unknown command.
Unknown command.
Unknown command.
You slice the bag of meat!! You chop the bag of meat into pieces.
You blow up the bag of meat!
Makhleb accepts your kill.
You feel better.
You feel something staring at you.
A fireball appears from out of thin air!
The fireball explodes!
Deactivating autopickup; reactivate with Ctrl-A.
The fireball engulfs you!!!!
You die...

........)))###........
...#...))..._)))......
.#....)))#..)))#.2o.
......)D§#_.<)_# ...
.#.....))#....)#...
...#..)1)M{._......
......).)1o###......
......###{°°....###..
...... #°)@)...# .
...... #)☼☼)...#
........)§)ooo.....
#.#o...§Vooo.......
........z...§§§.
........oo..§°##
....#...oD..§#..
.M...........#..


You could see 2 accurseds, 2 eight-headed meat hydras, a destroyer, a sculptor
of flesh, 11 bags of meat, a friendly Hell Sentinel (summoned) and a friendly
Brimstone Fiend (summoned).

Vanquished Creatures
  8 hell beasts (D)
  2 royal mummies (D)
  A great orb of eyes (D)
  15 vampire knights (D)
  37 ogres (D)
  7 two-headed ogres (D)
  5 liches (D)
  3 hydras (D)
  A phantom (D)
  63 orcs (D)
  6 skeletal warriors (D)
148 creatures vanquished.

Vanquished Creatures (collateral kills)
  3 orcs (D)
3 creatures vanquished.

Vanquished Creatures (others)
  2 ogres (D)
  3 two-headed ogres (D)
  A hydra (D)
  6 orcs (D)
12 creatures vanquished.

Grand Total: 163 creatures vanquished

Notes
Turn   | Place    | Note
-------+----------+-------------------------------------------
     0 | D        | Found the +∞ Axe of Woe
     0 | D        | 123456 the Demonspawn Gladiator began the quest for the
                  | Orb.
     0 | D        | Reached XP level 1. HP: 16/16 MP: 1/1
     3 | D        | Noticed a meat berserker
     3 | D        | Noticed a bag of meat
     4 | D        | Noticed a bag of meat
     4 | D        | Killed a bag of meat
     4 | D        | Noticed a bag of meat
     4 | D        | Noticed a bag of meat
     5 | D        | Reached skill level 15 in Dodging
     5 | D        | Reached skill level 15 in Unarmed Combat
     5 | D        | Gained mutation: You regenerate magic rapidly. [demonic
                  | ancestry]
     5 | D        | Reached XP level 2. HP: 34/34 MP: 2/2
     5 | D        | Discovered your monstrous ancestry.
     5 | D        | Gained mutation: You have sharp fingernails. [demonic
                  | ancestry]
     5 | D        | Reached XP level 3. HP: 40/40 MP: 3/3
     5 | D        | Gained mutation: You have a small tail. [demonic ancestry]
     5 | D        | Reached XP level 4. HP: 46/46 MP: 4/4
     5 | D        | Gained mutation: When hurt, damage is shared between your
                  | health and your magic reserves. [demonic ancestry]
     5 | D        | Reached XP level 5. HP: 52/52 MP: 5/5
     5 | D        | Gained mutation: When low on magic, you restore magic in
                  | place of health. [demonic ancestry]
     5 | D        | Reached XP level 6. HP: 59/59 MP: 6/6
     5 | D        | Gained mutation: You have large cloven feet. [demonic
                  | ancestry]
     5 | D        | Reached XP level 7. HP: 64/64 MP: 7/7
     5 | D        | Gained mutation: You have very sharp fingernails. [demonic
                  | ancestry]
     5 | D        | Reached XP level 8. HP: 71/71 MP: 8/8
     5 | D        | Gained mutation: A weak demonic guardian rushes to your
                  | aid. [demonic ancestry]
     5 | D        | Reached XP level 9. HP: 77/77 MP: 9/9
     5 | D        | Gained mutation: You have a tail ending in a sharp stinger.
                  | [demonic ancestry]
     5 | D        | Reached XP level 10. HP: 83/83 MP: 10/10
     5 | D        | Killed a meat berserker
     5 | D        | Noticed a bag of meat
     6 | D        | Reached skill level 5 in Axes
     6 | D        | Reached skill level 10 in Throwing
     6 | D        | Gained mutation: A demonic guardian rushes to your aid.
                  | [demonic ancestry]
     6 | D        | Reached XP level 11. HP: 95/95 MP: 11/11
     6 | D        | Gained mutation: You have claws for hands. [demonic
                  | ancestry]
     6 | D        | Reached XP level 12. HP: 102/102 MP: 12/12
     6 | D        | Became a worshipper of Makhleb the Destroyer
     6 | D        | Noticed a meat berserker
     6 | D        | Noticed a bag of meat
     7 | D        | Noticed a bag of meat
     8 | D        | Killed a bag of meat
     8 | D        | Killed a meat berserker
     8 | D        | Reached * piety under Makhleb
     8 | D        | Noticed a meat berserker
     9 | D        | Reached XP level 13. HP: 79/112 MP: 8/13
     9 | D        | Killed a bag of meat
     9 | D        | Killed a bag of meat
     9 | D        | Noticed a bag of meat
    10 | D        | Reached skill level 10 in Axes
    10 | D        | Reached XP level 14. HP: 86/121 MP: 8/14
    10 | D        | Killed a bag of meat
    10 | D        | Reached ** piety under Makhleb
    10 | D        | Noticed a meat berserker
    10 | D        | Noticed a bag of meat
    11 | D        | Reached skill level 15 in Fighting
    11 | D        | Killed a bag of meat
    11 | D        | Noticed a bag of meat
    11 | D        | Noticed a bag of meat
    12 | D        | Killed a meat berserker
    12 | D        | Noticed a bag of meat
    13 | D        | Gained mutation: You have hoof-like feet. [demonic
                  | ancestry]
    13 | D        | Reached XP level 15. HP: 66/132 MP: 5/15
    13 | D        | Reached *** piety under Makhleb
    13 | D        | Killed a meat berserker
    13 | D        | Noticed a meat berserker
    14 | D        | Reached skill level 15 in Axes
    15 | D        | Killed a meat berserker
    15 | D        | Reached **** piety under Makhleb
    15 | D        | Noticed a large bag of meat
    15 | D        | Noticed a meat berserker
    16 | D        | Reached skill level 27 in Dodging
    16 | D        | Reached skill level 27 in Unarmed Combat
    16 | D        | Gained mutation: You have a sharp stinger which inflicts
                  | weakening toxins. [demonic ancestry]
    16 | D        | Reached XP level 16. HP: 147/147 MP: 6/16
    17 | D        | Reached skill level 15 in Throwing
    17 | D        | Reached ***** piety under Makhleb
    19 | D        | Noticed a large bag of meat
    20 | D        | Killed a large bag of meat
    20 | D        | Killed a meat berserker
    21 | D        | Gained mutation: You have hooves in place of feet. [demonic
                  | ancestry]
    21 | D        | Reached XP level 17. HP: 126/165 MP: 7/17
    21 | D        | Noticed a meat berserker
    21 | D        | Noticed a meat berserker
    22 | D        | Noticed a large bag of meat
    22 | D        | Noticed a destroyer
    23 | D        | Killed a meat berserker
    23 | D        | Noticed a large bag of meat
    24 | D        | Reached skill level 27 in Axes
    24 | D        | Noticed a destroyer
    24 | D        | Noticed a meat berserker
    24 | D        | Noticed a meat berserker
    25 | D        | Noticed a destroyer
    25 | D        | Noticed a meat berserker
    27 | D        | Noticed a meat berserker
    28 | D        | Reached skill level 27 in Fighting
    28 | D        | Gained mutation: You punish those that try to bend your
                  | will. (Will+) [demonic ancestry]
    28 | D        | Reached XP level 18. HP: 182/182 MP: 10/18
    28 | D        | Noticed a destroyer
    28 | D        | Noticed a meat berserker
    28 | D        | Noticed a meat berserker
    28 | D        | Noticed an eight-headed meat hydra
    29 | D        | Noticed a destroyer
    29 | D        | Killed a destroyer
    29 | D        | Killed a destroyer
    29 | D        | Reached ****** piety under Makhleb
    29 | D        | Killed a meat berserker
    29 | D        | Killed a meat berserker
    30 | D        | Reached skill level 27 in Throwing
    30 | D        | Reached XP level 19. HP: 189/189 MP: 7/19
    30 | D        | Killed a meat berserker
    31 | D        | Killed a large bag of meat
    31 | D        | Killed a meat berserker
    31 | D        | Noticed a meat berserker
    32 | D        | Reached skill level 27 in Armour
    32 | D        | Killed a destroyer
    33 | D        | Reached skill level 5 in Summonings
    33 | D        | Reached skill level 5 in Necromancy
    33 | D        | Reached skill level 5 in Poison Magic
    33 | D        | Reached skill level 5 in Evocations
    33 | D        | Killed a large bag of meat
    34 | D        | Reached skill level 5 in Short Blades
    34 | D        | Reached skill level 5 in Stealth
    34 | D        | Reached skill level 5 in Conjurations
    34 | D        | Reached skill level 5 in Hexes
    34 | D        | Reached skill level 5 in Translocations
    34 | D        | Reached skill level 5 in Transmutations
    34 | D        | Reached skill level 5 in Fire Magic
    34 | D        | Reached skill level 5 in Ice Magic
    34 | D        | Reached skill level 5 in Air Magic
    34 | D        | Reached skill level 5 in Earth Magic
    34 | D        | Reached XP level 20. HP: 75/197 MP: 4/27
    34 | D        | Killed a destroyer
    34 | D        | Killed a meat berserker
    35 | D        | Reached skill level 10 in Invocations
    35 | D        | Killed a meat berserker
    35 | D        | Killed a destroyer
    36 | D        | Reached skill level 10 in Necromancy
    36 | D        | Noticed a destroyer
    37 | D        | Killed a meat berserker
    37 | D        | Killed a meat berserker
    37 | D        | Noticed a destroyer
    38 | D        | Reached skill level 10 in Summonings
    38 | D        | Reached skill level 10 in Poison Magic
    38 | D        | Reached skill level 10 in Evocations
    38 | D        | Reached XP level 21. HP: 188/204 MP: 5/33
    38 | D        | Killed a large bag of meat
    39 | D        | Reached skill level 10 in Short Blades
    39 | D        | Reached skill level 10 in Stealth
    39 | D        | Reached skill level 10 in Conjurations
    39 | D        | Reached skill level 10 in Hexes
    39 | D        | Reached skill level 10 in Translocations
    39 | D        | Reached skill level 10 in Transmutations
    39 | D        | Reached skill level 10 in Fire Magic
    39 | D        | Reached skill level 10 in Ice Magic
    39 | D        | Reached skill level 10 in Air Magic
    39 | D        | Reached skill level 10 in Earth Magic
    39 | D        | Noticed a destroyer
    40 | D        | Reached skill level 15 in Invocations
    41 | D        | Killed a destroyer
    42 | D        | Reached skill level 10 in Long Blades
    42 | D        | Reached skill level 10 in Maces & Flails
    42 | D        | Reached skill level 10 in Polearms
    42 | D        | Reached skill level 10 in Staves
    42 | D        | Reached skill level 10 in Ranged Weapons
    42 | D        | Reached skill level 10 in Shields
    42 | D        | Reached skill level 10 in Spellcasting
    44 | D        | Gained mutation: You are resistant to unholy torment.
                  | [demonic ancestry]
    44 | D        | Reached XP level 22. HP: 197/212 MP: 3/36
    47 | D        | Killed a destroyer
    47 | D        | Killed a destroyer
    49 | D        | Reached skill level 15 in Summonings
    49 | D        | Reached skill level 15 in Poison Magic
    49 | D        | Reached skill level 15 in Evocations
    50 | D        | Noticed a destroyer
    50 | D        | Noticed an accursed
    51 | D        | Noticed a tyrant
    51 | D        | Noticed an accursed
    52 | D        | Reached XP level 23. HP: 219/219 MP: 7/40
    53 | D        | Noticed a tyrant
    55 | D        | Reached skill level 15 in Short Blades
    55 | D        | Reached skill level 15 in Stealth
    55 | D        | Reached skill level 15 in Conjurations
    55 | D        | Reached skill level 15 in Hexes
    55 | D        | Reached skill level 15 in Translocations
    55 | D        | Reached skill level 15 in Transmutations
    55 | D        | Reached skill level 15 in Fire Magic
    55 | D        | Reached skill level 15 in Ice Magic
    55 | D        | Reached skill level 15 in Air Magic
    55 | D        | Reached skill level 15 in Earth Magic
    56 | D        | Killed an accursed
    57 | D        | Killed a destroyer
    58 | D        | Noticed a tyrant
    59 | D        | Reached skill level 15 in Long Blades
    59 | D        | Reached skill level 15 in Maces & Flails
    59 | D        | Reached skill level 15 in Polearms
    59 | D        | Reached skill level 15 in Staves
    59 | D        | Reached skill level 15 in Ranged Weapons
    59 | D        | Reached skill level 15 in Shields
    59 | D        | Reached skill level 15 in Spellcasting
    59 | D        | Gained mutation: A powerful demonic guardian rushes to your
                  | aid. [demonic ancestry]
    59 | D        | Reached XP level 24. HP: 163/227 MP: 6/42
    59 | D        | Noticed a large bag of meat
    59 | D        | Noticed a tyrant
    59 | D        | Noticed a meat beast
    60 | D        | Killed a tyrant
    60 | D        | Noticed a tyrant
    60 | D        | Noticed a destroyer
    61 | D        | Noticed a large bag of meat
    62 | D        | Killed a tyrant
    64 | D        | Noticed a meat beast
    64 | D        | Noticed a meat beast
    66 | D        | Noticed a destroyer
    67 | D        | Killed an accursed
    67 | D        | Killed a meat beast
    67 | D        | Noticed a meat beast
    68 | D        | Reached skill level 27 in Invocations
    68 | D        | Reached XP level 25. HP: 228/234 MP: 6/45
    68 | D        | Gained mutation: You can hurl damnation. [demonic ancestry]
    68 | D        | Reached XP level 26. HP: 235/242 MP: 6/45
    68 | D        | Killed a tyrant
    68 | D        | Killed a meat beast
    69 | D        | Killed a meat beast
    70 | D        | Killed a meat beast
    71 | D        | Reached XP level 27. HP: 240/249 MP: 8/48
    72 | D        | Noticed a large bag of meat
    72 | D        | Killed a large bag of meat
    72 | D        | Killed a destroyer
    73 | D        | Reached skill level 27 in Necromancy
    73 | D        | Killed a tyrant
    74 | D        | Killed a large bag of meat
    76 | D        | Noticed a large bag of meat
    77 | D        | Killed a destroyer
    78 | D        | Noticed a large bag of meat
    80 | D        | Reached skill level 27 in Stealth
    80 | D        | Noticed a meat beast
    82 | D        | Noticed a meat beast
    82 | D        | Noticed a destroyer
    84 | D        | Killed a tyrant
    85 | D        | Reached skill level 27 in Summonings
    85 | D        | Reached skill level 27 in Poison Magic
    85 | D        | Reached skill level 27 in Evocations
    86 | D        | Killed a large bag of meat
    86 | D        | Killed a large bag of meat
    86 | D        | Killed a large bag of meat
    87 | D        | Killed a meat beast
    87 | D        | Killed a destroyer
    87 | D        | Killed a meat beast
    88 | D        | Reached skill level 27 in Short Blades
    88 | D        | Reached skill level 27 in Conjurations
    88 | D        | Reached skill level 27 in Hexes
    88 | D        | Reached skill level 27 in Fire Magic
    88 | D        | Reached skill level 27 in Air Magic
    88 | D        | Reached skill level 27 in Earth Magic
    88 | D        | Noticed a meat beast
    88 | D        | Noticed a meat beast
    90 | D        | Noticed a destroyer
    91 | D        | Noticed a destroyer
    91 | D        | Noticed an accursed
    92 | D        | Reached skill level 27 in Translocations
    92 | D        | Reached skill level 27 in Transmutations
    92 | D        | Reached skill level 27 in Ice Magic
    93 | D        | Killed a destroyer
    94 | D        | Noticed a destroyer
    94 | D        | Killed a meat beast
    95 | D        | Reached skill level 27 in Long Blades
    95 | D        | Reached skill level 27 in Maces & Flails
    95 | D        | Reached skill level 27 in Polearms
    95 | D        | Reached skill level 27 in Staves
    95 | D        | Reached skill level 27 in Ranged Weapons
    95 | D        | Reached skill level 27 in Shields
    95 | D        | Reached skill level 27 in Spellcasting
    95 | D        | Killed a meat beast
    96 | D        | Noticed a destroyer
    98 | D        | Killed a destroyer
    98 | D        | Noticed a large bag of meat
    99 | D        | Killed a destroyer
   100 | D        | Noticed an accursed
   100 | D        | Noticed a meat beast
   101 | D        | Killed a large bag of meat
   102 | D        | Killed from afar by an observer

Illustrated notes

Levels and vault maps discovered:
D:        meatsprint

Skill      XL: |  1  2  3  4  5  6  7  8  9 10 11 12 13 14 15 16 17 18 19 20 21 22 23 24 25 26 27 |
---------------+----------------------------------------------------------------------------------+-----
Fighting       | 9 11 13 14 16 19 23 27 | 27.0
Axes           | 3 5 8 10 13 18 26 27 | 27.0
Throwing       | 7 10 11 12 13 14 17 20 27 | 27.0
Dodging        | 15 18 21 22 24 27 | 27.0
Unarmed Combat | 15 18 21 22 24 27 | 27.0
Armour         | 21 27 | 27.0
Short Blades   | 5 9 12 14 16 20 22 27 | 27.0
Long Blades    | 4 8 10 13 15 18 20 27 | 27.0
Maces & Flails | 4 8 10 13 15 18 20 27 | 27.0
Polearms       | 4 8 10 13 15 18 20 27 | 27.0
Staves         | 4 8 10 13 15 18 20 27 | 27.0
Ranged Weapons | 4 8 10 13 15 18 20 27 | 27.0
Stealth        | 5 9 11 14 16 20 22 27 | 27.0
Shields        | 4 8 10 13 15 18 21 27 | 27.0
Spellcasting   | 4 8 10 13 15 18 21 27 | 27.0
Conjurations   | 5 9 11 14 16 20 22 27 | 27.0
Hexes          | 5 9 11 14 16 20 22 27 | 27.0
Summonings     | 6 10 13 15 18 22 24 27 | 27.0
Necromancy     | 6 11 14 17 19 23 26 27 | 27.0
Translocations | 5 9 12 14 16 20 22 27 | 27.0
Transmutations | 5 9 12 14 16 20 22 27 | 27.0
Fire Magic     | 5 9 12 14 16 20 22 27 | 27.0
Ice Magic      | 5 9 12 14 16 20 22 27 | 27.0
Air Magic      | 5 9 12 14 16 20 22 27 | 27.0
Earth Magic    | 5 9 12 14 16 20 22 27 | 27.0
Poison Magic   | 6 10 13 15 18 22 24 27 | 27.0
Invocations    | 7 13 16 20 23 27 | 27.0
Evocations     | 6 10 13 15 18 22 24 27 | 27.0

Action                     |  1- 3 |  4- 6 |  7- 9 | 10-12 | 13-15 | 16-18 | 19-21 | 22-24 | 25-27 || total
---------------------------+-------+-------+-------+-------+-------+-------+-------+-------+-------++-------
  Melee: Executioner's axe |     1 |       |       |     2 |     6 |     7 |    12 |    19 |    29 ||    76
  Dodge: Dodged            |       |       |       |     1 |       |       |     2 |     6 |     3 ||    12

Table legend: (Time is in decaauts)
 A = Elapsed time spent in this place.
 B = Non-inter-level travel time spent in this place.
 C = Inter-level travel time spent in this place.
 D = Time resting spent in this place.
 E = Time spent auto-exploring this place.
 F = Levels seen in this place.
 G = Mean time per level.
                   A        B        C        D        E       F      G
               +--------+--------+--------+--------+--------+-----+--------+
         Total |     86 |     86 |      0 |      0 |      0 |   1 |   86.0 |
       Dungeon |     86 |     86 |      0 |      0 |      0 |   1 |   86.0 |
               +--------+--------+--------+--------+--------+-----+--------+

Top non-repeatable levels by time:
       D: 86 daAuts
